 Dungeon Crawl Stone Soup version 0.30-a0-596-g0af90f9a20 (webtiles) character file.

Game seed: 13081141209961374965

221 spardeous the Digger (level 5, -8/21 HPs)
             Began as a Felid Earth Elementalist on Jan 7, 2023.
             Was an Initiate of Gozag.
             Mangled by an iguana (14 damage)
             ... on level 5 of the Dungeon.
             The game lasted 00:06:27 (4170 turns).

spardeous the Digger (Felid Earth Elementalist)     Turns: 4170, Time: 00:06:27

Health: -8/21      AC:  2    Str:  4    XL:     5   Next: 65%
Magic:  5/9        EV: 25    Int: 19    God:    Gozag
Gold:   458        SH:  0    Dex: 16    Spells: 7/8 levels left
                                        Lives:  0   Deaths: 2

rFire   . . .      SeeInvis +    (weapon unavailable)
rCold   . . .      Faith    .    (shield unavailable)
rNeg    . . .      Spirit   .    (body armour unavailable)
rPois   .          Reflect  .    (helmet unavailable)
rElec   .          Harm     .    (cloak unavailable)
rCorr   .          Rampage  .    (gloves unavailable)
Will    .....                    (boots unavailable)
Stlth   ++                       (no amulet)
HPRegen 0.23/turn                c - +5 ring of evasion
MPRegen 0.11/turn                (no ring)

@: gold aura, quick
A: very small, claws 1, fangs 3, see invisible, speed 1, shaggy fur 2, stealthy
paws, no weapons or thrown items, no armour, multi-lived
a: Renounce Religion, Potion Petition, Call Merchant, Bribe Branch


You were on level 5 of the Dungeon.
You worshipped Gozag.
Gozag was aware of your devotion.
You visited 2 branches of the dungeon, and saw 6 of its levels.

You collected 516 gold pieces.
You paid 58 gold pieces to Gozag.

Inventory:

Jewellery
 c - a +5 ring of evasion (left paw)
Wands
 k - a wand of quicksilver (9)
 s - a wand of flame (13)
Scrolls
 e - 6 scrolls of teleportation {unknown}
 f - 2 scrolls of immolation
 g - a scroll of silence {unknown}
 h - 2 scrolls of summoning {unknown}
 l - 6 scrolls of identify
 m - 2 scrolls of poison {unknown}
 n - a scroll of amnesia {unknown}
 o - a scroll of fear {unknown}
 t - a scroll of magic mapping {unknown}
 u - a scroll of enchant weapon {unknown}
 v - a scroll of torment {unknown}
Potions
 b - a potion of lignification {unknown}
 i - a potion of might
 j - a potion of heal wounds {unknown}
 p - a potion of degeneration
 r - a potion of haste {unknown}


   Skills:
 + Level 6.7 Dodging
 - Level 2.6 Stealth
 - Level 2.0 Spellcasting
 - Level 1.1 Transmutations
 * Level 6.7 Earth Magic


You had 7 spell levels left.
You knew the following spells:

 Your Spells              Type           Power      Damage    Failure   Level
a - Sandblast             Erth           54%        2d13      1%          1

Your spell library contained the following spells:

 Spells                   Type           Power      Damage    Failure   Level
 Passwall                 Tmut/Erth      13%        N/A       4%          2
 Stone Arrow              Conj/Erth      28%        3d8       13%         3
 Petrify                  Tmut/Erth      16%        N/A       32%         4
 Lehudib's Crystal Spear  Conj/Erth      7%         10d3      100%        8
 Animate Armour           Summ/Erth      Unusable   N/A       N/A         4

Dungeon Overview and Level Annotations

Branches:
Dungeon (5/15)             Temple (1/1) D:4

Altars:
Ashenzari
Cheibriados
Dithmenos
Elyvilon
Fedhas
Gozag
Hepliaklqana
Kikubaaqudgha
Makhleb
Okawaru
Qazlal
Ru
Trog
Uskayaw
Yredelemnul

Annotations:
D:5 Edmund


Innate Abilities, Weirdness & Mutations

You have sharp claws.
You have razor-sharp teeth.
You have supernaturally acute eyesight. (SInv)
You cover ground quickly. (Speed+)
You are covered in thick fur. (AC +2)
Your paws help you pounce on unaware monsters.
You are incapable of wielding weapons or throwing items.
You cannot wear armour.
You gain extra lives every three experience levels.


Message History

The hound barks!
Casting: Sandblast (safe; 1% risk of failure)
Confirm with . or Enter, or press ? or * to list all spells.
Aiming: Sandblast (safe; 1% risk of failure)
Press: ? - help, Shift-Dir - straight line, f/p - hound
Aim: a hound (76% to hit)
The blast of sand hits the hound.
The hound is moderately wounded.
Casting: Sandblast (safe; 1% risk of failure)
Confirm with . or Enter, or press ? or * to list all spells.
Aiming: Sandblast (safe; 1% risk of failure)
Press: ? - help, Shift-Dir - straight line, f/p - hound
Aim: a hound (moderately wounded, 76% to hit)
The blast of sand hits the iguana.
The iguana is moderately wounded.
The hound completely misses you. The iguana completely misses you.
The hound bites you but does no damage.
Casting: Sandblast (safe; 1% risk of failure)
Confirm with . or Enter, or press ? or * to list all spells.
Aiming: Sandblast (safe; 1% risk of failure)
Press: ? - help, Shift-Dir - straight line, f/p - hound
Aim: a hound (moderately wounded, 76% to hit)
The blast of sand hits the hound!
The hound is almost dead.
The hound completely misses you. The iguana bites you!
Ouch! That really hurt!
The hound bites you.
* * * LOW HITPOINT WARNING * * *
The iguana completely misses you.
Casting: Sandblast (safe; 1% risk of failure)
Confirm with . or Enter, or press ? or * to list all spells.
Aiming: Sandblast (safe; 1% risk of failure)
Press: ? - help, Shift-Dir - straight line, f/p - hound
Aim: a hound (almost dead, 76% to hit)
The blast of sand hits the hound!
You kill the hound!
The iguana bites you!
Ouch! That really hurt!
You die...
Your body crumbles into a pile of gold.

~~~PPP..##.......
P~PP....##.........P~P~~
~~P.....##.........P~~~~
........##.... ...P~P~~~
........##.#.# #....P~P~
~.~.....##.#.###...PP~~~
~~~P....##.....#...P~~~~
~P..........>#.#.$.~~~~~
........######.#@l~P~~P~
..........# #.$..~~~~~~
..........# #....P~P~~P
..#.......# #........##
..#.......# ##.#####.#
###.......# #.. #
######### ###


You could see an iguana.

Vanquished Creatures
  A black bear (D:4)
  An ogre (D:5)
  A phantom (D:4)
  A necrophage (D:4)
  3 scorpions (D:5)
  2 hounds (D:5)
  An iguana (D:4)
  A mummy (D:3)
  7 adders
  4 worms (D:3)
  2 dart slugs
  3 orcs
  5 bats
  4 endoplasms
  3 giant cockroaches
  9 goblins
  8 hobgoblins
  8 jackals
  3 quokkas
  8 ball pythons
  3 frilled lizards
  9 kobolds
  6 rats
93 creatures vanquished.

Vanquished Creatures (others)
  14 plants (D:5)
14 creatures vanquished.

Grand Total: 107 creatures vanquished

Notes
Turn   | Place    | Note
-------+----------+-------------------------------------------
     0 | D:1      | spardeous the Felid Earth Elementalist began the quest for
                  | the Orb.
     0 | D:1      | Reached XP level 1. HP: 7/7 MP: 4/4
   185 | D:2      | Reached XP level 2. HP: 11/11 MP: 3/6
   572 | D:3      | Reached XP level 3. HP: 14/14 MP: 2/7
   681 | D:4      | Noticed a phantom
   696 | D:4      | Noticed a necrophage
   757 | D:4      | Killed a phantom
   758 | D:4      | Reached XP level 4. HP: 15/18 MP: 2/8
   852 | D:4      | Reached XP level 5. HP: 21/21 MP: 7/9
  1032 | D:4      | Reached skill level 5 in Earth Magic
  1034 | D:4      | Reached skill level 5 in Dodging
  1102 | D:4      | Noticed a black bear
  1109 | D:4      | Killed a black bear
  1110 | D:4      | Gained mutation: You are covered in thick fur. (AC +2)
                  | [Felid growth]
  1110 | D:4      | Reached XP level 6. HP: 24/24 MP: 6/10
  1163 | D:4      | Found a staircase to the Ecumenical Temple.
  1293 | D:4      | HP: 1/24 [iguana (14)]
  1620 | D:5      | Entered Level 5 of the Dungeon
  1646 | Temple   | Entered the Ecumenical Temple
  1656 | Temple   | Became a worshipper of Gozag Ym Sagoz the Greedy
  2252 | D:3      | Found a snail-covered altar of Cheibriados.
  3892 | D:5      | Reached XP level 7. HP: 17/27 MP: 3/11
  4046 | D:5      | Noticed Edmund
  4062 | D:5      | Slain by Edmund
  4063 | D:5      | Reached XP level 6. HP: 0/24 MP: 10/10
  4124 | D:5      | HP: 1/36 [orc/+0 club (1)]
  4125 | D:5      | Demolished by Edmund
  4126 | D:5      | Reached XP level 5. HP: -14/21 MP: 9/9
  4170 | D:5      | Mangled by an iguana

Illustrated notes

Levels and vault maps discovered:
D:1:      minmay_arrival_stone_box, layout_basic, chequers_serial_rivers_room_a
D:2:      layout_loops_ring
D:3:      layout_rooms, slow_altar_2
D:4:      nicolae_BIG_FREAKIN_CUBE, layout_cave_pools,
          minmay_temple_entry_crystal_x, st_stairs_14,
          minmay_misc_feat_enclosed, minmay_misc_feat_ornament,
          minmay_fractal_squares_5
D:5:      layout_basic, serial_bayou, serial_bayou_pond_e, serial_bayou_lake_a,
          serial_bayou_lagoon_a, serial_bayou_shore_a, uniq_edmund
Temple:   nicolae_temple_two_arcs

Skill      XL: |  1  2  3  4  5  6 |
---------------+-------------------+-----
Dodging        | 3 4 5 6 |  6.7
Earth Magic    | 3 4 5 6 |  6.7
Stealth        | |  2.6
Spellcasting   | |  2.0
Transmutations | |  1.1

Action                   |  1- 3 |  4- 6 |  7- 9 || total
-------------------------+-------+-------+-------++-------
Melee: Unarmed           |    14 |       |       ||    14
       Bite              |     1 |       |       ||     1
 Cast: Sandblast         |    45 |   121 |     8 ||   174
  Use: Potion            |       |     6 |       ||     6
       Scroll            |       |       |     1 ||     1
Armor: Skin              |     4 |    15 |     1 ||    20
Dodge: Dodged            |    36 |    43 |    10 ||    89

Table legend: (Time is in decaauts)
 A = Elapsed time spent in this place.
 B = Non-inter-level travel time spent in this place.
 C = Inter-level travel time spent in this place.
 D = Time resting spent in this place.
 E = Time spent auto-exploring this place.
 F = Levels seen in this place.
 G = Mean time per level.
                   A        B        C        D        E       F      G
               +--------+--------+--------+--------+--------+-----+--------+
         Total |   3750 |   3512 |    238 |     52 |   2893 |   6 |  625.0 |
       Dungeon |   3652 |   3420 |    232 |     52 |   2814 |   5 |  730.4 |
        Temple |     98 |     92 |      6 |      0 |     79 |   1 |   98.0 |
               +--------+--------+--------+--------+--------+-----+--------+

Top non-repeatable levels by time:
     D:4: 884 daAuts
     D:1: 846 daAuts
     D:3: 791 daAuts
     D:2: 739 daAuts
     D:5: 391 daAuts
  Temple: 98 daAuts
